 Dungeon Crawl Stone Soup version 0.30.0-17-ge0270778cf (webtiles) character file.

Game seed: 16468370225218208555

1601589 MacCMillion the Champion of Chaos (level 27, 271/271 HPs)
             Began as a Hill Orc Fighter on May 20, 2023.
             Was the Champion of Makhleb.
             Escaped with the Orb
             ... and 3 runes on May 21, 2023!
             The game lasted 02:42:02 (79308 turns).

MacCMillion the Champion of Chaos (HOFi)           Turns: 79308, Time: 02:42:02

Health: 271/271    AC: 47    Str: 39    XL:     27
Magic:  40/40      EV: 13    Int:  9    God:    Makhleb [******]
Gold:   3456       SH: 24    Dex: 10    Spells: 26/26 levels left

rFire   + + .        W - +9 broad axe (spect)
rCold   + + .        V - +1 tower shield {AC+3}
rNeg    + + +        M - +3 gold dragon scales
rPois   +            h - +2 helmet {SInv}
rElec   .            N - +2 cloak {Will+}
rCorr   +            w - +2 pair of gloves {Str+3}
SInv    +            O - +2 pair of boots of Waizygyl {rPois rF+ rN+}
Will    +++++        q - amulet of regeneration Stlth
                     y - ring "Wadocw" {rC+ rN+ rCorr Str+3 Stlth+}
HPRegen 1.45/turn    F - ring of Trepidation {rPois rN+ Will+ Int+3}
MPRegen 0.27/turn

%: no passive effects
@: studying 2 skills
A: dopey 1, strong-willed 1, subdued magic 1
0: Orb of Zot
}: 3/15 runes: decaying, serpentine, silver
a: Renounce Religion, Minor Destruction, Lesser Servant of Makhleb, Major
Destruction, Greater Servant of Makhleb


You escaped.
You worshipped Makhleb.
Makhleb was exalted by your worship.
You visited 10 branches of the dungeon, and saw 50 of its levels.
You also visited: Trove.

You collected 6002 gold pieces.
You spent 2546 gold pieces at shops.

Inventory:

Hand Weapons
 H - a +5 heavy broad axe
 W - a +9 spectral broad axe (weapon)
Missiles
 r - 14 curare-tipped darts
 t - 5 throwing nets
 B - 2 atropa-tipped darts
 Y - 10 javelins
Armour
 h - a +2 helmet of see invisible (worn)
 w - a +2 pair of gloves of strength (worn)
 G - a scarf of repulsion
 I - the +8 chain mail of Intercession {Dex+3 SInv}
   (You found it on level 3 of the Lair of Beasts)

   Dex:       It affects your dexterity (+3).
   SInv:      It lets you see invisible.
 L - the +1 pair of boots of Wu Jian's Esteem {rC++}
   (You bought it in a shop on level 2 of the Orcish Mines)

   rC:        It greatly protects you from cold.
 M - +3 gold dragon scales (worn)
 N - a +2 cloak of willpower (worn)
 O - the +2 pair of boots of Waizygyl (worn) {rPois rF+ rN+}
   (You found it on level 9 of the Dungeon)

   rF:        It protects you from fire.
   rPois:     It protects you from poison.
   rN:        It protects you from negative energy.
 V - a +1 tower shield of protection (worn)
Jewellery
 a - a +6 ring of strength
 c - a ring of protection from fire
 j - the ring of the Crafting Hero {Fly rC- rN++ Will+ rCorr}
   (You found it in a treasure trove)

   [ring of willpower]

   rC:        It makes you vulnerable to cold.
   rN:        It greatly protects you from negative energy.
   Fly:       It grants you flight.
   rCorr:     It protects you from acid and corrosion.
   Will:      It increases your willpower.
 q - an amulet of regeneration (around neck)
 v - an amulet of reflection
 x - a ring of resist corrosion
 y - the ring "Wadocw" (left hand) {rC+ rN+ rCorr Str+3 Stlth+}
   (You found it in a treasure trove)

   [ring of positive energy]

   Str:       It affects your strength (+3).
   rC:        It protects you from cold.
   rN:        It protects you from negative energy.
   rCorr:     It protects you from acid and corrosion.
   Stlth:     It makes you more stealthy.
 F - the ring of Trepidation (right hand) {rPois rN+ Will+ Int+3}
   (You acquired it on level 13 of the Dungeon)

   [ring of willpower]

   Int:       It affects your intelligence (+3).
   rPois:     It protects you from poison.
   rN:        It protects you from negative energy.
   Will:      It increases your willpower.
 U - a ring of see invisible
 Z - a +6 ring of strength
Wands
 f - a wand of digging (50)
 m - a wand of roots (62)
 o - a wand of acid (20)
 z - a wand of flame (89)
 T - a wand of paralysis (82)
Scrolls
 b - 17 scrolls of teleportation
 g - 8 scrolls of fog
 k - 8 scrolls of vulnerability
 s - 8 scrolls of blinking
 J - 4 scrolls of butterflies
 Q - 10 scrolls of immolation
 S - 7 scrolls of magic mapping
 X - 7 scrolls of fear
Potions
 d - 4 potions of magic
 e - 5 potions of might
 i - 4 potions of cancellation
 l - 29 potions of curing
 n - 5 potions of haste
 p - 6 potions of heal wounds
 u - 5 potions of mutation
 A - 5 potions of resistance
 D - 13 potions of attraction
 E - a potion of invisibility
 K - 5 potions of berserk rage
 P - 11 potions of lignification
 R - 5 potions of ambrosia


   Skills:
 - Level 26.9 Fighting
 * Level 23.9 Axes
 + Level 23.5 Armour
 - Level 14.0 Dodging
 - Level 26.9 Shields
 O Level 27 Invocations


You had 26 spell levels left.
You didn't know any spells.
Your spell library contained the following spells:

 Spells                   Type           Power      Damage    Failure   Level
 Apportation              Tloc           0%         N/A       86%         1
 Beastly Appendage        Tmut           0%         N/A       86%         1
 Foxfire                  Conj/Fire      0%         2x1d4     86%         1
 Freeze                   Ice            0%         1d3       86%         1
 Kiss of Death            Conj/Necr      0%         2d5       86%         1
 Necrotise                Necr           0%         1d4       86%         1
 Sandblast                Erth           0%         2d4       86%         1
 Slow                     Hex            0%         N/A       86%         1
 Sting                    Tmut/Pois      0%         1d3       86%         1
 Summon Small Mammal      Summ           0%         N/A       86%         1
 Call Imp                 Summ           0%         N/A       95%         2
 Cigotuvi's Dreadful Rot  Necr/Pois/Air  0%         N/A       95%         2
 Ensorcelled Hibernation  Hex/Ice        0%         N/A       95%         2
 Passwall                 Tmut/Erth      0%         N/A       95%         2
 Poisonous Vapours        Pois/Air       0%         N/A       95%         2
 Scorch                   Fire           0%         2d5       95%         2
 Sublimation of Blood     Necr           0%         N/A       95%         2
 Wereblood                Tmut           0%         N/A       95%         2
 Confusing Touch          Hex            0%         N/A       99%         3
 Frozen Ramparts          Ice            0%         1d1       99%         3
 Hailstorm                Conj/Ice       0%         3d3       99%         3
 Ignite Poison            Fire/Tmut/Pois 0%         N/A       99%         3
 Inner Flame              Hex/Fire       0%         N/A       99%         3
 Mephitic Cloud           Conj/Pois/Air  0%         N/A       99%         3
 Spider Form              Tmut/Pois      0%         N/A       99%         3
 Stone Arrow              Conj/Erth      0%         3d7       99%         3
 Swiftness                Air            0%         N/A       99%         3
 Tukima's Dance           Hex            0%         N/A       99%         3
 Vampiric Draining        Necr           0%         2d6       99%         3
 Vhi's Electric Charge    Tloc/Air       0%         N/A       99%         3
 Animate Dead             Necr           0%         N/A       100%        4
 Cause Fear               Hex            0%         N/A       100%        4
 Dispel Undead            Necr           0%         3d6       100%        4
 Flame Wave               Conj/Fire      0%         2d4       100%        4
 Ice Form                 Ice/Tmut       0%         N/A       100%        4
 Leda's Liquefaction      Hex/Erth       0%         N/A       100%        4
 Passage of Golubria      Tloc           0%         N/A       100%        4
 Petrify                  Tmut/Erth      0%         N/A       100%        4
 Summon Ice Beast         Ice/Summ       0%         N/A       100%        4
 Summon Lightning Spire   Summ/Air       0%         N/A       100%        4
 Alistair's Intoxication  Tmut/Pois      0%         N/A       100%        5
 Arcjolt                  Conj/Air       0%         1d10      100%        5
 Borgnjor's Vile Clutch   Necr/Erth      0%         N/A       100%        5
 Fireball                 Conj/Fire      0%         3d3       100%        5
 Freezing Cloud           Conj/Ice/Air   0%         6-21      100%        5
 Irradiate                Conj/Tmut      0%         3d11      100%        5
 Iskenderun's Battlesphe  Conj           0%         2d6       100%        5
 Lee's Rapid Deconstruct  Erth           0%         3d4*      100%        5
 Metabolic Englaciation   Hex/Ice        0%         N/A       100%        5
 Yara's Violent Unravell  Hex/Tmut       0%         3d3       100%        5
 Conjure Ball Lightning   Conj/Air       0%         3x3d6     100%        6
 Death Channel            Necr           0%         N/A       100%        6
 Eringya's Noxious Bog    Tmut/Pois      0%         N/A       100%        6
 Iron Shot                Conj/Erth      0%         9d1       100%        6
 Plasma Beam              Fire/Air       0%         2x1d11    100%        6
 Simulacrum               Ice/Necr       0%         N/A       100%        6
 Starburst                Conj/Fire      0%         6d3       100%        6
 Statue Form              Tmut/Erth      0%         N/A       100%        6
 Summon Cactus Giant      Summ           0%         N/A       100%        6
 Dragon Form              Tmut           0%         N/A       100%        7
 Enfeeble                 Hex            0%         N/A       100%        7
 Haunt                    Necr/Summ      0%         N/A       100%        7
 Malign Gateway           Summ/Tloc      0%         N/A       100%        7
 Orb of Destruction       Conj           0%         9d5       100%        7
 Storm Form               Tmut/Air       0%         N/A       100%        7
 Summon Hydra             Summ           0%         N/A       100%        7
 Discord                  Hex            0%         N/A       100%        8
 Disjunction              Tloc           0%         N/A       100%        8
 Infestation              Necr           0%         N/A       100%        8
 Lehudib's Crystal Spear  Conj/Erth      0%         10d2      100%        8
 Maxwell's Capacitive Co  Air            0%         ∞         100%        8
 Chain Lightning          Conj/Air       0%         N/A       100%        9
 Dragon's Call            Summ           0%         N/A       100%        9
 Fire Storm               Conj/Fire      0%         5d1       100%        9
 Shatter                  Erth           0%         3d5*      100%        9


Dungeon Overview and Level Annotations

Branches:
Dungeon (15/15)            Temple (0/1) D:5            Lair (5/5) D:11
  Swamp (4/4) Lair:2        Snake (4/4) Lair:3        Slime (0/5) Lair:5
    Orc (2/2) D:9             Elf (3/3) Orc:2        Vaults (5/5) D:14
  Crypt (3/3) Vaults:3       Tomb (0/3) Crypt:3      Depths (4/4) D:15
    Zot (5/5) Depths:4

Altars:
Ashenzari
Cheibriados
Dithmenos
Fedhas
Gozag
Hepliaklqana
Kikubaaqudgha
Makhleb
Okawaru
Qazlal
Ru
Sif Muna
Uskayaw
Wu Jian
Xom
Yredelemnul
Beogh
Jiyva
Lugonu

Shops:
D:5 :   D:9 :   Orc:2 [([[*:   Elf:2 [?*=   Snake:1 ?:!*   Snake:4 ?:![
Vaults:3 *   Vaults:5 !!   Depths:1 =   Depths:2 :[![   Depths:3 ?

Portals:
Hell: Depths:1 Depths:2 Depths:3 Depths:4
Abyss: Snake:2 Depths:1 Depths:3 Depths:4
Pandemonium: Depths:2 Depths:3
Ziggurat: Depths:1

Annotations:
D:9 3 runed translucent doors, hitsuchi's ghost, journeyman HOFi
D:10 6 transporters
Lair:3 exclusion: oklob plant
Lair:5 1 runed translucent door
Snake:2 2 transporters, Razfen's ghost, adept GnWn
Snake:3 1 runed translucent door, Dadghomedgh's ghost, adept GnHW
Elf:3 2 transporters, Fuonemn's ghost, veteran DDBe
Crypt:2 3 runed translucent doors, Vailuoroe's ghost, veteran GrEE


Innate Abilities, Weirdness & Mutations

You are dopey. (Int -2)
You are strong-willed. (Will+)
Your spells are a little easier to cast, but a little less powerful.


Message History

You slash the hell beast!
The hell beast is severely wounded.
Your +9 spectral broad axe hits the hell beast!!
You kill the hell beast!
Makhleb accepts your kill.
No target in view!
(D) Dungeon (T) Temple (L) Lair (S) Swamp (P) Snake Pit (M) Slime Pits (O) Orcish Mines (E) Elven Halls (V) Vaults (C) Crypt (W) Tomb (U) Depths (H) Hell (Z) Zot
Where to? (Enter - D:1 @ (x,y), ? - help)
You swap places.
Your +9 spectral broad axe disappears.
There is a stone staircase leading up here.
You climb upwards.
There is a stone staircase leading down here.
There is an entrance to Luweclit's Book Shoppe here.
There is a stone staircase leading up here.
You climb upwards.
There is a stone staircase leading down here.
Things that are here:
a +0 halberd; a +0 spear
There is a stone staircase leading up here.
You climb upwards.
There is a stone staircase leading down here.
There is a stone staircase leading up here.
You climb upwards.
There is a stone staircase leading down here.
You see here a +0 club.
There is a stone staircase leading up here.
You climb upwards.
There is a stone staircase leading down here.
You see here 4 stones.
A ynoxinul comes into view.
There is a staircase leading out of the dungeon here.
A chaos spawn comes into view.
The ynoxinul bellows!
The chaos spawn gives a loud, deep croak!
There is a staircase leading out of the dungeon here.
You have escaped!

#...#####......# #...(... #...#
######## #.###.## #...# #.# #.#
###...###### #.# #.#
...........# #.# #.#
...........# #.# #.#
...........# #.# #.#
...........######## #.# #.#
...##########...@.# #.# #.#
(..### ##...##(.# #.# #.#
.....# ##..####..## #.# #.#
.....# #..## ##..# #.###.#
#.##.# ##.## #4.# #.....#
#.##.# #..# ##..# ##.[†..#
#.##.# #.## ###.○#######...#.##
..######..####).3&##....#.....#
### #..........###.##.#..####


You could see Pisycuotze (clouds) and a chaos spawn.

Vanquished Creatures
  6 dread liches
  9 ancient liches
  6 orbs of fire
  Sojobo (Vaults:2)
  Vv (Zot:4)
  Bai Suzhen (Swamp:4)
  Margery (Vaults:2)
  5 Killer Klowns
  Xtahua (Vaults:2)
  Vashnia (Snake:3)
  2 curse toes
  4 pandemonium lords
  8 golden dragons
  A profane servitor (Crypt:3)
  Nikola (Swamp:4)
  3 doom hounds (Zot:2)
  A bone dragon (Zot:2)
  A Tzitzimitl (Zot:2)
  25 tentacled monstrosities
  A shard shrike skeleton (Crypt:2)
  2 electric golems
  An iron giant (Zot:2)
  An Ice Fiend (Zot:4)
  Jorgrun (D:12)
  2 Hell Sentinels
  6 titans
  5 liches
  A walking divine tome (Depths:2)
  Grunn (Zot:1)
  28 Orb Guardians
  A deep elf blademaster (Elf:3)
  6 quicksilver dragons
  11 death cobs
  2 deep elf master archers (Elf:3)
  5 sphinxes
  8 ancient champions
  Kirke (Snake:1)
  Roxanne (D:15)
  16 shadow dragons
  A thorn hunter (Swamp:4)
  10 tengu reavers
  Agnes (D:15)
  12 storm dragons
  3 draconian monks
  8 draconian knights
  5 fire giants
  4 revenants
  4 nagarajas (Snake:4)
  6 fenstrider witches
  11 frost giants
  20 vault wardens
  5 deep elf sorcerers
  2 iron dragons (Zot:2)
  5 draconian scorchers
  4 orc warlords
  3 ghost moths
  Aizul (Orc:2)
  A curse skull (Crypt:3)
  4 deep elf elementalists (Elf:3)
  15 ghouls
  17 ironbound preservers
  5 draconian annihilators
  A cacodemon (Zot:5)
  6 draconian shifters
  2 spriggan defenders (Depths:4)
  A draconian stormcaller (Zot:2)
  14 very ugly things
  5 spectral caustic shrikes (Depths:1)
  A demonspawn corrupter (Zot:5)
  A reaper (Zot:2)
  3 war gargoyles
  8 ironbound thunderhulks
  15 stone giants
  7 green draconians
  10 dire elephants
  7 grey draconians
  8 deep elf demonologists
  14 purple draconians
  13 yellow draconians
  7 vampire knights
  8 black draconians
  10 red draconians
  Azrael (Snake:3)
  7 eleionomae
  7 spark wasps
  6 bunyips
  8 deep elf annihilators
  9 white draconians
  10 ettins
  2 blizzard demons
  5 eidola
  2 crystal guardians
  8 fire dragons
  2 green deaths (Swamp:4)
  A merfolk javelineer (Depths:1)
  15 jiangshi
  8 deep elf death magi
  18 yaktaur captains
  4 entropy weavers
  12 hydras
  A shambling mangrove (Swamp:1)
  3 rakshasas
  3 salamander tyrants (Snake:4)
  A spriggan zombie (Crypt:3)
  8 great orbs of eyes
  4 ice dragons
  4 deep elf high priests
  A hell beast (D:6)
  2 peacekeepers
  34 vault guards
  4 ghost crabs
  9 anacondas
  5 centaur warriors
  10 ironbound frosthearts
  12 alligators
  9 two-headed ogres
  7 boulder beetles
  4 ogre magi
  2 catoblepae
  4 death knights
  2 deep troll shamans (Depths:4)
  7 deep troll earth magi
  21 dancing weapons
  11 death yaks
  2 tengu warriors
  11 naga warriors
  2 spriggan berserkers
  A titan zombie (Crypt:1)
  9 vampire magi
  Urug (Lair:4)
  3 shock serpents
  7 orc high priests
  18 deep elf knights
  15 naga sharpshooters
  2 skysharks
  9 hell knights
  9 soul eaters
  2 sun demons
  2 storm dragon zombies
  29 skeletal warriors
  5 shadow wraiths
  3 salamander mystics
  4 sixfirhies
  6 iron trolls
  A golden dragon zombie (Vaults:4)
  A titan skeleton (Crypt:3)
  Lodul (D:14)
  51 deep trolls
  4 goliath frogs
  2 sea snakes (shapeshifter) (Vaults:5)
  A cherub (Zot:3)
  4 sea snakes
  A glowing orange brain (Vaults:4)
  2 shadow demons (Zot:5)
  7 swamp dragons
  14 spriggan druids
  An anaconda zombie (Crypt:1)
  6 flayed ghosts
  2 fenstrider witch simulacra
  9 bog bodies
  8 wizards
  5 naga ritualists
  11 lindwurms
  16 phantasmal warriors
  A spriggan simulacrum (Crypt:3)
  6 deep elf archers
  10 necromancers
  An orange crystal statue (Zot:1)
  2 tengu zombies
  22 ironbound convokers
  32 deep elf zephyrmancers
  8 mana vipers
  7 orc knights
  6 orc sorcerers
  35 deep elf pyromancers
  12 harpies
  A shadow dragon skeleton (Crypt:1)
  5 manticores
  A wolf spider (D:15)
  14 salamanders
  2 stone giant zombies
  27 ugly things
  A fire giant zombie (Depths:2)
  A naga zombie (Crypt:2)
  4 cyclopes
  Joseph (D:8)
  6 will-o-the-wisps
  8 guardian serpents
  17 elephants (Lair:4)
  41 moths of wrath
  A guardian serpent (shapeshifter) (Elf:2)
  3 orange demons
  2 torpor snails
  17 naga magi
  A gargoyle (D:10)
  6 rust devils
  A molten gargoyle (Lair:1)
  2 dire elephant skeletons (Crypt:3)
  26 vault sentinels
  25 black mambas
  10 cane toads
  A naga skeleton (Crypt:2)
  2 centaur skeletons
  4 smoke demons (D:13)
  A hellion (Zot:5)
  A purple draconian zombie (Crypt:3)
  Psyche (D:8)
  An unseen horror (D:11)
  3 ice devils
  A black draconian zombie (Crypt:1)
  A tengu conjurer (D:12)
  An efreet (D:13)
  7 freezing wraiths
  A rime drake (Lair:4)
  6 komodo dragons
  A guardian mummy (Crypt:3)
  A tormentor (Zot:1)
  36 yaktaurs
  5 spriggan skeletons
  3 meliai (D:15)
  A harpy zombie (Crypt:1)
  10 trolls
  A bloated husk (Swamp:2)
  5 polar bears
  16 hornets
  2 red devils (Depths:3)
  6 tyrant leeches
  6 hellwings
  Prince Ribbit (D:7)
  7 dream sheep (Lair:5)
  8 blink frogs
  A dream sheep (shapeshifter) (Vaults:5)
  A death drake skeleton (Crypt:1)
  A harpy skeleton (Crypt:3)
  2 jumping spiders
  A culicivora (Vaults:2)
  A guardian serpent skeleton (Crypt:1)
  A black mamba zombie (Crypt:2)
  A shadow (D:9)
  2 ynoxinuls
  6 vampires
  A meliai zombie (Crypt:1)
  30 slime creatures
  4 air elementals
  19 spriggans
  A jumping spider (shapeshifter) (D:15)
  A fire dragon skeleton (Crypt:1)
  7 water elementals
  4 wraiths
  56 yaks
  5 wyverns (Lair:4)
  A dire elephant simulacrum (Crypt:3)
  2 basilisks
  5 chaos spawn
  6 hogs (Snake:1)
  10 vampire mosquitoes
  4 fire elementals
  3 redbacks
  2 neqoxecs
  3 wargs
  37 nagas
  14 swamp worms
  4 acid dragons
  15 water moccasins
  8 hell hounds (Snake:3)
  4 swamp drakes
  A demonspawn skeleton (Crypt:1)
  2 sky beasts
  7 black bears
  An ettin simulacrum (Crypt:2)
  3 ice beasts
  42 orc warriors
  26 wolves
  15 ogres
  13 boggarts
  3 human skeletons
  8 centaurs
  A rime drake zombie (Crypt:3)
  A manticore skeleton (Crypt:1)
  An elf simulacrum (Vaults:4)
  2 phantoms (D:9)
  7 bullfrogs
  2 kobold brigands (D:6)
  4 earth elementals
  7 necrophages
  2 scorpions
  A cyclops zombie (Crypt:3)
  An elf skeleton (Crypt:2)
  A gnoll sergeant (D:12)
  A water moccasin zombie (D:7)
  A cyclops skeleton (Crypt:3)
  14 wights
  2 troll zombies (D:9)
  A queen bee zombie (Crypt:3)
  12 killer bees (D:9)
  12 howler monkeys
  2 vampire bats (Lair:1)
  10 electric eels
  3 centaur zombies
  5 human zombies
  6 jellies
  8 hounds
  29 orc priests
  A sleepcap (D:6)
  A gnoll bouda (D:3)
  8 iguanas
  A scorpion zombie (Crypt:1)
  25 orc wizards
  4 hell rats
  A boggart skeleton (Crypt:1)
  5 ogre zombies
  A deep dwarf skeleton (Crypt:1)
  13 mummies
  3 howler monkey zombies (D:7)
  Robin (D:1)
  14 gnolls
  4 adders
  A steam dragon zombie (Crypt:2)
  A swamp drake skeleton (Crypt:2)
  A shadow imp (D:5)
  An ufetubus (D:6)
  2 worms
  3 dart slugs (D:4)
  94 orcs
  12 bats
  17 endoplasms
  5 giant cockroaches
  15 goblins
  9 hobgoblins
  6 jackals
  2 quokkas
  12 ball pythons
  A ball python zombie (Crypt:2)
  An endoplasm zombie (Crypt:3)
  3 frilled lizards (D:2)
  3 goblin zombies
  A hobgoblin skeleton (D:9)
  2 hobgoblin zombies (D:9)
  16 kobolds
  An orc skeleton (D:9)
  13 orc zombies (D:9)
  8 rats
  4 fire vortices (Depths:4)
  3 spectral weapons
2390 creatures vanquished.

Vanquished Creatures (collateral kills)
  A dread lich (Zot:5)
  An electric golem (Zot:5)
  Mlioglotl (Swamp:4)
  2 Orb Guardians (Zot:5)
  Frances (Swamp:2)
  2 tengu reavers
  A fenstrider witch (Swamp:4)
  A nagaraja (Snake:4)
  An eleionoma (Swamp:2)
  A white draconian (Zot:5)
  2 yaktaur captains
  3 death yaks (Lair:5)
  A naga sharpshooter (Snake:4)
  2 naga warriors (Snake:4)
  A dancing weapon (Elf:2)
  2 deep elf knights (Elf:2)
  2 deep trolls
  A spriggan druid (Swamp:2)
  A glowing orange brain (Vaults:4)
  An ironbound convoker (Vaults:4)
  A swamp dragon (Swamp:3)
  3 deep elf zephyrmancers
  A deep elf pyromancer (Elf:2)
  A lindwurm (Vaults:2)
  A vault sentinel (Vaults:2)
  A yaktaur (Vaults:4)
  A tyrant leech (Swamp:3)
  2 spriggans
  A vampire mosquito (Swamp:2)
  2 nagas (Snake:4)
  An orc warrior (Orc:2)
  A swamp drake (Swamp:3)
  2 wolves (Lair:5)
  A boggart (Lair:5)
  An orc priest (Orc:2)
  3 orcs (Orc:2)
51 creatures vanquished.

Vanquished Creatures (others)
  A deep elf knight (Elf:2)
  A hell knight (Vaults:2)
  2 wizards
  A black mamba (Snake:3)
  A swamp worm (Swamp:2)
  A naga (Snake:4)
  An orc priest (Orc:2)
  2 fire vortices (Depths:4)
  32 foxfires
  100 spectral weapons
142 creatures vanquished.

Grand Total: 2583 creatures vanquished

Notes
Turn   | Place    | Note
-------+----------+-------------------------------------------
     0 | D:1      | MacCMillion the Hill Orc Fighter began the quest for the
                  | Orb.
     0 | D:1      | Reached XP level 1. HP: 19/19 MP: 1/1
   139 | D:1      | Reached XP level 2. HP: 19/26 MP: 2/2
   614 | D:1      | Reached XP level 3. HP: 31/31 MP: 3/3
   782 | D:2      | Noticed Robin
   868 | D:1      | Killed Robin
  1151 | D:2      | Reached XP level 4. HP: 35/39 MP: 4/4
  1258 | D:2      | Reached skill level 5 in Axes
  1376 | D:2      | Found a faded altar of an unknown god.
  1751 | D:3      | Found a hide-covered altar of Uskayaw.
  1752 | D:3      | Noticed a +0 dagger
  1752 | D:3      | Noticed a +0 dagger
  1943 | D:3      | Reached XP level 5. HP: 45/45 MP: 5/5
  2853 | D:4      | Reached XP level 6. HP: 46/51 MP: 6/6
  2896 | D:4      | Found a shimmering altar of Xom.
  2956 | D:4      | Noticed a black bear
  2983 | D:4      | Killed a black bear
  3148 | D:4      | Noticed a black bear
  3160 | D:4      | Killed a black bear
  3161 | D:4      | Reached XP level 7. HP: 39/57 MP: 7/7
  3616 | D:4      | Found a burning altar of Makhleb.
  3616 | D:4      | Found an ornate altar of the Wu Jian Council.
  3854 | D:4      | Became a worshipper of Makhleb the Destroyer
  3899 | D:5      | Entered Level 5 of the Dungeon
  3912 | D:5      | Reached skill level 10 in Axes
  4218 | D:5      | Reached XP level 8. HP: 67/67 MP: 8/8
  4239 | D:5      | Found a staircase to the Ecumenical Temple.
  4314 | D:5      | Found a broken altar of Ashenzari.
  4581 | D:5      | Found Luweclit's Book Shoppe.
  4639 | D:5      | Reached skill level 5 in Fighting
  4926 | D:5      | Reached skill level 5 in Armour
  5695 | D:6      | Found a shimmering blue altar of Sif Muna.
  5925 | D:7      | Reached * piety under Makhleb
  6312 | D:7      | Reached XP level 9. HP: 69/78 MP: 9/9
  6363 | D:7      | Noticed Prince Ribbit
  6374 | D:7      | Killed Prince Ribbit
  6663 | D:7      | Reached skill level 1 in Invocations
  6673 | D:7      | Found a basalt altar of Yredelemnul.
  6815 | D:7      | Reached skill level 2 in Invocations
  7081 | D:8      | Noticed Joseph
  7336 | D:7      | Reached skill level 3 in Invocations
  7520 | D:8      | Noticed Psyche
  7751 | D:8      | Found a shadowy altar of Dithmenos.
  8034 | D:7      | Reached ** piety under Makhleb
  8079 | D:8      | Paralysed by Joseph for 3 turns
  8091 | D:8      | Paralysed by Joseph for 5 turns
  8101 | D:8      | Paralysed by Joseph for 4 turns
  8122 | D:8      | Killed Joseph
  8123 | D:8      | Reached skill level 4 in Invocations
  8464 | D:8      | Found a snail-covered altar of Cheibriados.
  8641 | D:8      | Reached XP level 10. HP: 86/87 MP: 13/13
  8913 | D:9      | Found a runed translucent gate.
  8913 | D:9      | Found a runed translucent gate.
  8913 | D:9      | Found a runed translucent gate.
  8917 | D:9      | Noticed hitsuchi's ghost (journeyman HOFi)
  9024 | D:9      | Reached skill level 5 in Invocations
  9447 | D:9      | You fall into a shaft and drop 2 floors!
  9449 | D:11     | Identified the +1 chain mail of Doeryfipn {Fly rC+ Regen+
                  | Stlth+}
  9507 | D:11     | Noticed a cyclops
  9517 | D:11     | Killed a cyclops
 10302 | D:10     | Entered Level 10 of the Dungeon
 10302 | D:10     | Found a transporter.
 10321 | D:10     | Found a transporter.
 10377 | D:10     | Found a transporter.
 10378 | D:10     | Found a transporter.
 10661 | D:10     | Found a stormy altar of Qazlal.
 10710 | D:9      | Found a staircase to the Orcish Mines.
 10725 | D:9      | Reached skill level 10 in Fighting
 10759 | D:9      | Reached *** piety under Makhleb
 10858 | D:9      | Identified the +2 pair of boots of Waizygyl {rPois rF+ rN+}
 11034 | D:9      | Reached XP level 11. HP: 99/99 MP: 15/15
 11209 | D:9      | Reached skill level 6 in Invocations
 11271 | D:9      | Found Cyimiugam's Book Shoppe.
 11401 | D:9      | Found an iron altar of Okawaru.
 11778 | D:9      | Found a viscous altar of Jiyva.
 11913 | D:10     | Found a hazy altar of Hepliaklqana.
 12077 | D:10     | Reached **** piety under Makhleb
 12078 | D:10     | Reached skill level 10 in Armour
 12172 | D:10     | Noticed a two-headed ogre
 12307 | D:9      | Killed a two-headed ogre
 12308 | D:9      | Reached skill level 5 in Shields
 12308 | D:9      | Reached skill level 7 in Invocations
 12498 | D:10     | Found a transporter.
 12502 | D:10     | Found a transporter.
 12552 | D:11     | Found a staircase to the Lair.
 12586 | D:11     | Reached skill level 15 in Axes
 12622 | D:11     | Found a portal to a secret trove of treasure.
 12663 | D:11     | Noticed a boulder beetle
 12709 | D:11     | Killed a boulder beetle
 12710 | D:11     | Reached skill level 8 in Invocations
 13235 | D:11     | Noticed a manticore
 13247 | D:11     | Killed a manticore
 13365 | D:11     | Reached skill level 9 in Invocations
 13449 | Lair:1   | Entered Level 1 of the Lair of Beasts
 13513 | Lair:1   | Identified the +8 rapier of the Establishment {freeze, rN+}
 13531 | Lair:1   | Reached XP level 12. HP: 102/106 MP: 18/18
 13776 | Lair:1   | Reached skill level 10 in Invocations
 14419 | Lair:2   | Noticed an eight-headed hydra
 14433 | Lair:2   | Killed an eight-headed hydra
 14488 | Lair:2   | Noticed a five-headed hydra
 14506 | Lair:2   | Killed a five-headed hydra
 14618 | Lair:2   | Reached skill level 10 in Shields
 14899 | Lair:2   | Reached ***** piety under Makhleb
 15130 | Lair:2   | Noticed a seven-headed hydra
 15143 | Lair:2   | Killed a seven-headed hydra
 15220 | Lair:2   | Noticed a catoblepas
 15232 | Lair:2   | Killed a catoblepas
 15406 | Lair:2   | Found a staircase to the Swamp.
 15888 | Lair:3   | Reached XP level 13. HP: 111/116 MP: 20/20
 16181 | Lair:3   | Identified the +8 chain mail of Intercession {Dex+3 SInv}
 16677 | Lair:3   | Found a staircase to the Snake Pit.
 17482 | Lair:3   | Found a staircase to the Snake Pit.
 18477 | Lair:4   | Reached XP level 14. HP: 132/132 MP: 20/22
 18649 | Lair:4   | Noticed Urug
 18665 | Lair:4   | Killed Urug
 18666 | Lair:4   | Reached skill level 11 in Invocations
 19176 | Lair:5   | Entered Level 5 of the Lair of Beasts
 19396 | Lair:5   | Reached ****** piety under Makhleb
 19397 | Lair:5   | Paralysed by a hornet for 1 turns
 19406 | Lair:5   | Reached skill level 15 in Fighting
 19442 | Lair:5   | Reached skill level 12 in Invocations
 19554 | Lair:5   | Found a runed translucent door.
 19555 | Lair:5   | Found a viscous altar of Jiyva.
 19556 | Lair:5   | Noticed an acid blob
 19558 | Lair:5   | Found a staircase to the Slime Pits.
 20137 | Lair:5   | Reached skill level 13 in Invocations
 20141 | Lair:5   | Reached skill level 15 in Shields
 20204 | Lair:5   | Reached skill level 14 in Invocations
 20501 | Orc:1    | Entered Level 1 of the Orcish Mines
 20680 | Orc:2    | Entered Level 2 of the Orcish Mines
 20739 | Orc:2    | Found Xoh Kull's Antique Armour Boutique.
 20744 | Orc:2    | Bought a pair of heavily runed boots for 323 gold pieces
 20744 | Orc:2    | Identified the +1 pair of boots of Wu Jian's Esteem {rC++}
                  | (You bought it in a shop on level 2 of the Orcish Mines)
 20866 | Orc:2    | Found a staircase to the Elven Halls.
 20896 | Orc:2    | Noticed an orc warlord
 20915 | Orc:2    | Killed an orc warlord
 21062 | Orc:2    | Reached XP level 15. HP: 85/141 MP: 25/25
 21323 | Orc:2    | Paralysed by an orc sorcerer for 2 turns
 21335 | Orc:2    | Noticed an orc warlord
 21350 | Orc:2    | Gained mutation: You expend magic power (3 MP) to
                  | strengthen your wands. [a neqoxec]
 21353 | Orc:2    | Gained mutation: Your spells are a little harder to cast,
                  | but a little more powerful. [a neqoxec]
 21358 | Orc:2    | Killed an orc warlord
 21363 | Orc:2    | Reached skill level 15 in Invocations
 21424 | Orc:2    | Found Awkorhoy's Antique Armour Emporium.
 21653 | Orc:2    | Found a roughly hewn altar of Beogh.
 21742 | Orc:2    | Found Roinaikh's Antique Armour Shop.
 21743 | Orc:2    | Found Tofaf's Antique Weapon Shop.
 21745 | Orc:2    | Found Elydd's General Store.
 21745 | Orc:2    | Found Baygro's Book Boutique.
 21750 | Orc:2    | Bought a potion of haste for 140 gold pieces
 21750 | Orc:2    | Bought a scroll of enchant weapon for 105 gold pieces
 21750 | Orc:2    | Bought a scroll of brand weapon for 133 gold pieces
 22640 | D:8      | Found a blossoming altar of Fedhas.
 22659 | D:8      | Killed Psyche
 23039 | D:12     | Noticed Jorgrun
 23067 | D:12     | Killed Jorgrun
 23448 | D:12     | Found an opulent altar of Gozag.
 23744 | D:13     | Identified a scroll of acquirement
 23745 | D:13     | Acquired the ring of Trepidation {rPois rN+ Will+ Int+3}
 24645 | D:14     | Found a white marble altar of Elyvilon.
 24647 | D:14     | Found a sacrificial altar of Ru.
 24647 | D:14     | Found an ornate altar of the Wu Jian Council.
 24649 | D:14     | Found a blossoming altar of Fedhas.
 24649 | D:14     | Found a shimmering altar of Xom.
 24649 | D:14     | Found a shadowy altar of Dithmenos.
 24658 | D:14     | Reached XP level 16. HP: 151/151 MP: 27/27
 24750 | D:14     | Reached skill level 16 in Invocations
 24855 | D:14     | Noticed Lodul
 24866 | D:14     | Killed Lodul
 25276 | D:14     | Found a gate to the Vaults.
 25461 | D:15     | Entered Level 15 of the Dungeon
 25520 | D:15     | Noticed Agnes
 25526 | D:15     | Killed Agnes
 25695 | D:15     | Found Xucsoegeh's Armour Boutique.
 25721 | D:15     | Identified Roxanne's Vademecum on Flesh
 25721 | D:15     | Noticed Roxanne
 26018 | D:15     | Found a staircase to the Depths.
 26308 | D:15     | Killed Roxanne
 26543 | Snake:1  | Entered Level 1 of the Snake Pit
 26659 | Snake:1  | Found Xaergh's Book Emporium.
 26748 | Snake:1  | Found Gutz's Distillery.
 26761 | Snake:1  | Bought 2 potions of lignification for 72 gold pieces
 26826 | Snake:1  | Found Xohiv Any's General Store.
 26866 | Snake:1  | Bought a scroll of poison for 64 gold pieces
 26990 | Snake:1  | Found Xyaty's Magic Scroll Emporium.
 27016 | Snake:1  | Reached skill level 17 in Invocations
 27052 | Snake:1  | Bought a scroll of magic mapping for 112 gold pieces
 27052 | Snake:1  | Bought a scroll of identify for 30 gold pieces
 27052 | Snake:1  | Bought a scroll of identify for 30 gold pieces
 27066 | Snake:1  | Noticed Kirke
 27087 | Snake:1  | Killed Kirke
 28305 | Snake:2  | Found a transporter.
 28514 | Snake:2  | Found a transporter.
 28829 | Snake:2  | Found a one-way gate to the infinite horrors of the Abyss.
 28840 | Snake:2  | Noticed Razfen's ghost (adept GnWn)
 29412 | Snake:3  | Found a runed translucent door.
 29414 | Snake:3  | Found a shimmering altar of Xom.
 29414 | Snake:3  | Noticed Dadghomedgh's ghost (adept GnHW)
 29432 | Snake:3  | Reached XP level 17. HP: 163/163 MP: 29/29
 29474 | Snake:3  | Reached skill level 18 in Invocations
 29793 | Snake:3  | Identified the +0 ring mail of Quomuonta {Rampage rElec
                  | rPois Will+}
 30219 | Snake:3  | Noticed Azrael
 30247 | Snake:3  | Killed Azrael
 30368 | Snake:3  | Noticed Vashnia
 30430 | Snake:3  | Killed Vashnia
 30938 | Snake:4  | Entered Level 4 of the Snake Pit
 30938 | Snake:4  | Found Ojokyahu's Antique Armour Emporium.
 30940 | Snake:4  | Found Qaehiuc's Distillery.
 30945 | Snake:4  | Bought a runed cloak for 165 gold pieces
 31104 | Snake:4  | Found Atairph's Self-Improvement Boutique.
 31126 | Snake:4  | Found Sunehiot's Magic Scroll Shoppe.
 31695 | Snake:4  | Reached skill level 19 in Invocations
 31932 | Snake:4  | Reached skill level 15 in Armour
 32218 | Snake:4  | Got a serpentine rune of Zot
 32257 | Snake:4  | Reached XP level 18. HP: 126/176 MP: 31/31
 32453 | Swamp:1  | Entered Level 1 of the Swamp
 32613 | Lair:4   | Upgraded the game from 0.30.0-16-gbe6223bb7e to
                  | 0.30.0-17-ge0270778cf
 32764 | Swamp:1  | Reached skill level 1 in Dodging
 32916 | Swamp:1  | Reached skill level 20 in Invocations
 32979 | Swamp:1  | Found a shimmering altar of Xom.
 33213 | Swamp:1  | Identified the +3 long sword "Loutae" {heavy, Fly}
 33612 | Swamp:2  | Noticed Frances
 33629 | Swamp:2  | Killed Frances
 33630 | Swamp:2  | Reached skill level 5 in Dodging
 34490 | Swamp:3  | Identified the +2 robe of Pan-Flutes {Dex+3}
 34783 | Swamp:4  | Entered Level 4 of the Swamp
 34980 | Swamp:4  | Noticed Nikola
 35096 | Swamp:4  | Killed Nikola
 35200 | Swamp:4  | Gained mutation: Your body sometimes deteriorates upon
                  | taking damage. [a neqoxec]
 35591 | Swamp:4  | Reached XP level 19. HP: 185/185 MP: 33/33
 35617 | Swamp:4  | Noticed a tentacled monstrosity
 35638 | Swamp:4  | Killed a tentacled monstrosity
 35715 | Swamp:4  | Noticed Mlioglotl
 35719 | Swamp:4  | Noticed Bai Suzhen
 35722 | Swamp:4  | Killed Mlioglotl
 35732 | Swamp:4  | Killed Bai Suzhen
 36320 | Swamp:4  | Noticed a tentacled monstrosity
 36336 | Swamp:4  | Killed a tentacled monstrosity
 36380 | Swamp:4  | Got a decaying rune of Zot
 37266 | Elf:1    | Entered Level 1 of the Elven Halls
 37283 | Elf:1    | Reached skill level 21 in Invocations
 37288 | Elf:1    | Paralysed by an air elemental for 1 turns
 37291 | Elf:1    | Paralysed by an air elemental for 1 turns
 37299 | Orc:2    | Paralysed by an air elemental for 1 turns
 37308 | Orc:2    | Paralysed by an air elemental for 1 turns
 38088 | Elf:1    | Noticed Aizul
 38427 | Orc:2    | Killed Aizul
 39137 | Elf:1    | Paralysed by an air elemental for 1 turns
 40214 | Elf:2    | Paralysed by an air elemental for 1 turns
 40219 | Elf:2    | Paralysed by an air elemental for 1 turns
 40954 | Elf:2    | Identified the +3 scimitar "Tenek" {drain, Str+5 Dex+3}
 40966 | Elf:2    | Reached skill level 22 in Invocations
 40973 | Elf:2    | Found a huge runed translucent gate.
 40973 | Elf:2    | Found a huge runed translucent gate.
 40973 | Elf:2    | Found a huge runed translucent gate.
 40973 | Elf:2    | Found a huge runed translucent gate.
 40973 | Elf:2    | Found a huge runed translucent gate.
 41206 | Elf:2    | Found Jeexzube's Magic Scroll Emporium.
 41209 | Elf:2    | Found Comu's Armour Emporium.
 41212 | Elf:2    | Found Vowkustri's Jewellery Emporium.
 41216 | Elf:2    | Found Feto's Assorted Antiques.
 41722 | Elf:2    | Reached XP level 20. HP: 181/195 MP: 35/35
 42745 | Elf:3    | Entered Level 3 of the Elven Halls
 43031 | Elf:3    | Noticed Fuonemn's ghost (veteran DDBe)
 43037 | Elf:3    | Found a transporter.
 43045 | Elf:3    | Found a transporter.
 43099 | Elf:3    | Paralysed by an air elemental for 1 turns
 43106 | Elf:3    | Paralysed by an air elemental for 1 turns
 43786 | Elf:3    | Reached skill level 23 in Invocations
 44126 | Elf:3    | Identified the +5 whip "Motuv" {speed, Contam rPois rF+
                  | Will+}
 44220 | Elf:3    | Noticed a Brimstone Fiend
 44996 | Elf:3    | Noticed a Tzitzimitl
 45181 | Elf:3    | Identified the +6 short sword "Xeggoemn" {protect, rF- rN+
                  | Dex+5 SInv}
 45817 | Elf:3    | Identified the staff of fire "Jepi Tih" {rF+ MP+9 Int+4
                  | Dex+5 Stlth-}
 46495 | Vaults:1 | Entered Level 1 of the Vaults
 46715 | Vaults:1 | Reached skill level 24 in Invocations
 46908 | Vaults:1 | Reached XP level 21. HP: 196/203 MP: 37/37
 48395 | Vaults:2 | Noticed Margery
 48416 | Vaults:1 | Reached skill level 25 in Invocations
 48574 | Vaults:2 | Killed Margery
 48636 | Vaults:2 | Noticed Xtahua
 48860 | Vaults:2 | Killed Xtahua
 49069 | Vaults:2 | Noticed Sojobo
 49081 | Vaults:2 | Killed Sojobo
 50989 | Vaults:3 | Reached XP level 22. HP: 173/214 MP: 38/38
 51646 | Vaults:3 | Reached skill level 26 in Invocations
 51728 | Vaults:3 | Found Byog's General Store.
 52185 | Vaults:3 | You are sucked into a shaft and drop 1 floor!
 52704 | Vaults:3 | Found a staircase to the Crypt.
 52962 | Vaults:4 | Reached skill level 27 in Invocations
 54007 | Depths:1 | Entered Level 1 of the Depths
 54047 | Depths:1 | Found Weox's Jewellery Shop.
 54134 | Depths:1 | Found a one-way gateway to a ziggurat.
 54221 | Depths:1 | Found a gateway to Hell.
 54256 | Depths:1 | Reached XP level 23. HP: 203/227 MP: 40/40
 54684 | Depths:1 | Found a stormy altar of Qazlal.
 55343 | Depths:2 | Found Unibbeth's Antique Armour Emporium.
 55456 | Depths:2 | Noticed an ancient lich
 55543 | Depths:2 | Killed an ancient lich
 55692 | Depths:2 | Found Culynk's Book Boutique.
 55997 | Depths:2 | Found Watin's Antique Armour Shop.
 56026 | Depths:2 | Bought a jewelled chain mail for 465 gold pieces
 56026 | Depths:2 | Identified the +10 chain mail "Qerha" {rN+} (You bought it
                  | in a shop on level 2 of the Depths)
 56090 | Depths:2 | You fall into a shaft and drop 1 floor!
 56169 | Depths:3 | Found Vupras's Magic Scroll Emporium.
 56174 | Depths:3 | Bought 2 scrolls of brand weapon for 361 gold pieces
 56493 | Depths:2 | Found Ydex's Distillery.
 56493 | Depths:2 | Found a one-way gate leading to the halls of Pandemonium.
 56904 | Snake:4  | Bought a scroll of enchant weapon for 142 gold pieces
 56904 | Snake:4  | Bought a scroll of enchant weapon for 142 gold pieces
 57524 | Elf:2    | Bought a scroll of enchant weapon for 142 gold pieces
 57789 | D:11     | You paid a toll of +3 ice dragon scales to enter a treasure
                  | trove
 57790 | Trove    | Entered a treasure trove
 57793 | Trove    | Identified the amulet of Contentment {RegenMP Harm MP+9
                  | Dex+3}
 57795 | Trove    | Identified the amulet "Keovegylit" {Spirit rF- Str+7}
 57798 | Trove    | Identified the +0 hat of the Immovable Ships {rPois Dex+3}
 57799 | Trove    | Identified the +2 hat of Viejit Vude {Dex+4}
 57812 | Trove    | Identified the ring of the Crafting Hero {Fly rC- rN++
                  | Will+ rCorr}
 57817 | Trove    | Identified the ring of Zixtut {rElec rF+ Will- Int+4}
 57824 | Trove    | Identified the ring of Felehi {Wiz Will- Str+2 SInv}
 57830 | Trove    | Identified the ring "Hywn" {rC- Will+++ EV+5 Int+2 SInv}
 57834 | Trove    | Identified the ring "Wadocw" {rC+ rN+ rCorr Str+3 Stlth+}
 57841 | Trove    | Identified the ring "Jaserch" {Will+ Int+3}
 57845 | Trove    | Identified the +0 tower shield of Melancholy {Dex+5}
 57849 | Trove    | Identified the +7 buckler "Tudgho" {Regen+}
 58274 | Depths:3 | Found a corrupted altar of Lugonu.
 58811 | Depths:4 | Entered Level 4 of the Depths
 58898 | Depths:4 | Found a gate to the Realm of Zot.
 58898 | Depths:4 | Noticed a golden dragon
 58914 | Depths:4 | Killed a golden dragon
 59065 | Depths:4 | Reached skill level 10 in Dodging
 59561 | Depths:4 | Reached XP level 24. HP: 238/238 MP: 40/40
 60570 | Crypt:1  | Entered Level 1 of the Crypt
 60682 | Crypt:1  | Identified the +10 scale mail of Tartarus {rCorr Int+2}
 61193 | Crypt:2  | Noticed a dread lich
 61199 | Crypt:2  | Killed a dread lich
 61629 | Crypt:2  | Found a runed translucent gate.
 61629 | Crypt:2  | Found a runed translucent gate.
 61629 | Crypt:2  | Found a runed translucent gate.
 61633 | Crypt:2  | Found an ancient bone altar of Kikubaaqudgha.
 61633 | Crypt:2  | Noticed an ancient lich
 61633 | Crypt:2  | Noticed an ancient lich
 61634 | Crypt:2  | Noticed Vailuoroe's ghost (veteran GrEE)
 62062 | Crypt:3  | Entered Level 3 of the Crypt
 62382 | Crypt:3  | Reached XP level 25. HP: 250/250 MP: 40/40
 62443 | Crypt:3  | Noticed a dread lich
 62452 | Crypt:3  | Killed a dread lich
 62482 | Crypt:3  | Found an ancient bone altar of Kikubaaqudgha.
 62506 | Crypt:3  | Found a basalt altar of Yredelemnul.
 62787 | Crypt:3  | Found a staircase to the Tomb.
 63054 | Crypt:3  | Identified the +5 rapier "Voifucog" {heavy, Will- Str-5
                  | Int+4 Stlth+}
 63209 | Vaults:5 | Entered Level 5 of the Vaults
 63287 | Vaults:5 | Noticed an ancient lich
 63304 | Vaults:5 | Killed an ancient lich
 63513 | Vaults:5 | Identified the +5 war axe "Fismil" {flame, rElec rF+ Str-4
                  | Dex+2}
 63817 | Vaults:5 | Noticed a dread lich
 63823 | Vaults:5 | Killed a dread lich
 64104 | Vaults:5 | Reached XP level 26. HP: 261/261 MP: 40/40
 64135 | Vaults:5 | Got a silver rune of Zot
 64296 | Vaults:5 | Noticed a dread lich
 64307 | Vaults:5 | Killed a dread lich
 64539 | Vaults:5 | Identified the +5 scale mail "Utifri" {*Slow rElec Int+7
                  | SInv}
 64574 | Vaults:5 | Found Ennosm's Distillery.
 64618 | Vaults:5 | Found Vupefuut's Distillery.
 65241 | Vaults:5 | Found Vupefuut's Distillery.
 65608 | Vaults:5 | Found Ennosm's Distillery.
 65613 | Vaults:5 | Bought a potion of cancellation for 120 gold pieces
 66009 | Zot:1    | Entered Level 1 of the Realm of Zot
 66375 | Zot:1    | Noticed an orb of fire
 66706 | Depths:4 | Gained mutation: You are dopey. (Int -2) [an orb of fire]
 66710 | Depths:4 | Gained mutation: Armour fits poorly on your strangely
                  | shaped body. [an orb of fire]
 66716 | Depths:4 | Killed an orb of fire
 67640 | Zot:1    | Identified the +0 robe of Eplute {rPois Regen+ rCorr Dex-3}
 68819 | Zot:2    | Noticed a Killer Klown
 68820 | Zot:2    | a Killer Klown changed into an iron giant
 68821 | Zot:2    | Noticed a Killer Klown
 68833 | Zot:2    | Killed a Killer Klown
 69888 | Zot:2    | Noticed Grunn
 69904 | Zot:1    | Killed Grunn
 70114 | Zot:2    | Noticed a Killer Klown
 70495 | Zot:2    | Killed a Killer Klown
 71145 | Zot:2    | Identified the +8 plate armour of Oblivion {MP+9 Int+4
                  | Stlth+}
 71449 | Zot:2    | Noticed an ancient lich
 71454 | Zot:2    | Killed an ancient lich
 71455 | Zot:2    | Reached XP level 27. HP: 271/271 MP: 40/40
 71941 | Zot:2    | Noticed an orb of fire
 71942 | Zot:2    | Gained mutation: You are agile. (Dex +4, Str/Int -1) [an
                  | orb of fire]
 71953 | Zot:2    | Killed an orb of fire
 74035 | Zot:4    | Noticed Vv
 74052 | Zot:4    | Killed Vv
 75039 | Zot:4    | Identified the +6 scimitar "Petihaga" {protect, rF- Will+
                  | Dex+4 Stlth+}
 75581 | Zot:5    | Entered Level 5 of the Realm of Zot
 76738 | Zot:5    | Noticed an ancient lich
 76747 | Zot:5    | Killed an ancient lich
 76749 | Zot:5    | Noticed an orb of fire
 76750 | Zot:5    | Noticed an ancient lich
 76752 | Zot:5    | Noticed an orb of fire
 77316 | Zot:5    | Noticed an ancient lich
 77326 | Zot:5    | Killed an ancient lich
 77352 | Zot:5    | Killed an ancient lich
 77359 | Zot:5    | Gained mutation: You are vulnerable to heat. (rF-) [an orb
                  | of fire]
 77363 | Zot:5    | Killed an orb of fire
 77365 | Zot:5    | Lost mutation: Armour fits poorly on your strangely shaped
                  | body. [potion of mutation]
 77365 | Zot:5    | Lost mutation: Your body sometimes deteriorates upon taking
                  | damage. [potion of mutation]
 77365 | Zot:5    | Lost mutation: You are dopey. (Int -2) [potion of mutation]
 77365 | Zot:5    | Gained mutation: You sometimes lose your temper in combat.
                  | [potion of mutation]
 77365 | Zot:5    | Gained mutation: You are somewhat resistant to further
                  | mutation. [potion of mutation]
 77366 | Zot:5    | Lost mutation: You sometimes lose your temper in combat.
                  | [potion of mutation]
 77366 | Zot:5    | Lost mutation: Your spells are a little harder to cast, but
                  | a little more powerful. [potion of mutation]
 77366 | Zot:5    | Lost mutation: You are agile. (Dex +4, Str/Int -1) [potion
                  | of mutation]
 77484 | Zot:5    | Noticed a dread lich
 77493 | Zot:5    | Killed a dread lich
 77495 | Zot:5    | Noticed an orb of fire
 77506 | Zot:5    | Killed an orb of fire
 77506 | Zot:5    | Noticed a dread lich
 77510 | Zot:5    | Noticed an ancient lich
 77515 | Zot:5    | Killed a dread lich
 77519 | Zot:5    | Killed an ancient lich
 77524 | Zot:5    | Gained mutation: You are dopey. (Int -2) [an orb of fire]
 77533 | Zot:5    | Killed an orb of fire
 77617 | Zot:5    | Noticed an orb of fire
 77619 | Zot:5    | Gained mutation: You occasionally lose the ability to read
                  | scrolls when taking damage. [an orb of fire]
 78335 | Zot:5    | Noticed an ancient lich
 78345 | Zot:5    | Killed an ancient lich
 78349 | Zot:5    | Killed an orb of fire
 78349 | Zot:5    | Noticed a dread lich
 78354 | Zot:5    | Killed a dread lich
 78355 | Zot:5    | Lost mutation: You expend magic power (3 MP) to strengthen
                  | your wands. [potion of mutation]
 78355 | Zot:5    | Lost mutation: You are dopey. (Int -2) [potion of mutation]
 78355 | Zot:5    | Lost mutation: You are vulnerable to heat. (rF-) [potion of
                  | mutation]
 78355 | Zot:5    | Gained mutation: Your body sometimes deteriorates upon
                  | taking damage. [potion of mutation]
 78356 | Zot:5    | Lost mutation: Your body sometimes deteriorates upon taking
                  | damage. [potion of mutation]
 78356 | Zot:5    | Lost mutation: You are somewhat resistant to further
                  | mutation. [potion of mutation]
 78356 | Zot:5    | Lost mutation: You occasionally lose the ability to read
                  | scrolls when taking damage. [potion of mutation]
 78356 | Zot:5    | Gained mutation: You occasionally lose the ability to read
                  | scrolls when taking damage. [potion of mutation]
 78356 | Zot:5    | Gained mutation: Your skin changes colour to match your
                  | surroundings (Stealth+). [potion of mutation]
 78357 | Zot:5    | Lost mutation: You occasionally lose the ability to read
                  | scrolls when taking damage. [potion of mutation]
 78357 | Zot:5    | Lost mutation: Your skin changes colour to match your
                  | surroundings (Stealth+). [potion of mutation]
 78357 | Zot:5    | Gained mutation: You are dopey. (Int -2) [potion of
                  | mutation]
 78357 | Zot:5    | Gained mutation: You are strong-willed. (Will+) [potion of
                  | mutation]
 78357 | Zot:5    | Gained mutation: Your spells are a little easier to cast,
                  | but a little less powerful. [potion of mutation]
 78415 | Zot:5    | Got the Orb of Zot
 78615 | Zot:4    | Noticed Uluynuv the pandemonium lord
 78623 | Zot:4    | Killed Uluynuv the pandemonium lord
 78676 | Zot:3    | Noticed Soud the pandemonium lord
 78676 | Zot:3    | Noticed an ancient lich
 78692 | Zot:3    | Killed Soud the pandemonium lord
 78696 | Zot:3    | Killed an ancient lich
 78790 | Depths:4 | Noticed Unezxoq the pandemonium lord
 78801 | Depths:4 | Killed Unezxoq the pandemonium lord
 78906 | Depths:2 | Noticed a seraph
 78916 | Depths:1 | Noticed Leoczemp the pandemonium lord
 78925 | Depths:1 | Killed Leoczemp the pandemonium lord
 79308 | D:1      | Noticed Pisycuotze the pandemonium lord
 79308 | D:$      | Escaped with the Orb!

Illustrated notes

Levels and vault maps discovered:
D:1:      dpeg_arrival_round_b, layout_basic, chequers_serial_rivers_micro_c
D:2:      minmay_inner_zag, layout_loops_ring, chequers_ecumenical_altar_twisty,
          uniq_robin
D:3:      layout_loops_ring, dancing_weapons_uskayaw
D:4:      layout_loops_ring, gammafunk_temple_overflow_wave,
          mainiacjoe_overflow_cross_hatched, st_stairs_1
D:5:      layout_basic, lemuel_crystal_altar, minmay_temple_entry_glassed_door,
          serial_shops, nicolae_stop_n_shop_2
D:6:      layout_cave_pools, lemuel_tele_altar, kennysheep_another_room,
          small_statue_intersection, eino_small_chamber_without_monster,
          glass_columns_a
D:7:      layout_rooms, lemuel_mausoleum_altar_yredelemnul, interstate_on_off,
          st_stairs_5, uniq_prince_ribbit1
D:8:      layout_rooms, fedhas_altar_1, mainiacjoe_overflow_boulevard,
          lemuel_coloured_pillars_altar, nicolae_nh_ransacked_shop, uniq_psyche,
          uniq_joseph, uniq_pikel
D:9:      layout_roguey, kennysheep_okawaru_gauntlet, zombieorc1_lemuel,
          serial_shops, shop, gammafunk_ghost_ooze
D:10:     layout_loops_ring, old_standard_altar, nzn_hepliaklqana_mist_gate,
          serial_nicolae_subway, nicolae_sub_station_stone,
          nicolae_sub_station_crystal, nicolae_sub_station_metal
D:11:     layout_roguey, erik_lair_island, nicolae_trove_entry_isolated
D:12:     layout_basic, grunt_gozag_breadcrumbs, uniq_jorgrun
D:13:     layout_rooms, serial_demonic, serial_demonic_f, serial_demonic_g,
          serial_demonic_b, serial_demonic_c, serial_demonic_c,
          serial_demonic_b, serial_demonic_f, st_stairs_11,
          serial_bayou_lagoon_b
D:14:     layout_basic, david_vaults_4, doesnt_xom_only_xom, uniq_lodul
D:15:     hangedman_depths_entry_try_elsewhere_first, layout_irregular_city,
          minmay_misc_feat_pillars, serial_shops, shop_statue, uniq_agnes,
          uniq_roxanne
Lair:1:   layout_gridlike, roderic_batcave, grunt_megastairs_5
Lair:2:   layout_concentric_octagons, minmay_swamp_entry_reptiles,
          wad_woods_river_01, serial_bayou_shore_b
Lair:3:   lemuel_slime, layout_regular_city, guppyfry_snake_entry_island,
          nicolae_lair_lindhole
Lair:4:   layout_hall_layers, beast_lair_carwin_6, uniq_urug
Lair:5:   minmay_lair_end_enchanted_forest, layout_loops_ring, slime_entry_2,
          columned_hall_lemuel
Swamp:1:  layout_basic_swamp, basic_altar, swamp_pool4
Swamp:2:  layout_basic_swamp, evilmike_swamp_ruin_house_1, uniq_frances
Swamp:3:  layout_basic_swamp, evilmike_swamp_ruin_house_4, st_swamp_ruins_4
Swamp:4:  nzn_swamp_witches_coven, layout_basic_swamp, swamp_pool1,
          uniq_mlioglotl, uniq_nikola, uniq_bai_suzhen
Snake:1:  layout_chambers, serial_shops, shop, nicolae_shop_rolling_square,
          nicolae_shop_tiny_waterfront, nicolae_shop_tiny_statue_garden,
          uniq_kirke
Snake:2:  layout_chambers, gammafunk_ghost_abyssal_escape
Snake:3:  layout_chambers, ebering_ghost_xom, evilmike_ambush
          [evilmike_ambush_outer_basic, evilmike_ambush_inner_basic],
          serial_bayou_shore_a, uniq_azrael, uniq_vashnia
Snake:4:  minmay_snake_end_coiled, layout_cave_shapes, serial_shops, shop, shop,
          nicolae_shop_tiny_waterfront, nicolae_snake_gridmaze_spiral,
          nicolae_shop_self_help
Orc:1:    layout_caves
Orc:2:    st_orc_congregation, layout_diamond_mine, serial_shops, shop, shop,
          minmay_orc_temple_b
Elf:1:    layout_loops_corners, minmay_elf_demonology, uniq_aizul
Elf:2:    elven_hall_of_blades_hangedman_alternative
          [mumra_blade_entry_bloodbath], layout_gridlike,
          minmay_shop_grid_forest, lemuel_flamethrower_hall
Elf:3:    minmay_elf_hall_curves, layout_loops_corners, gammafunk_ghost_arena,
          dreamdust_princess_corridor
Vaults:1: v_misc_14, v_misc_25, nicolae_vaults_cochlea,
          ontoclasm_vaults_decontamination, hangedman_vaults_unwind,
          nicolae_vaults_closet_pinwheel_5, nicolae_vaults_alarming,
          ontoclasm_vaults_ring_small, layout_vaults_omnigrid
Vaults:2: nicolae_vaults_shipping_containers_4,
          nicolae_vaults_trapezoid_lopsided_2, nicolae_vaults_closet_pinwheel_1,
          v_misc_18, nicolae_vaults_circle_grid_a,
          nicolae_vaults_little_squares_6, hangedman_vaults_variations,
          hangedman_vaults_pinch, nicolae_vaults_little_squares_4,
          vaults_mumra_chevron, nicolae_vaults_sightless_eye,
          ontoclasm_vaults_tryst, hangedman_vaults_slice,
          grunt_vaults_hallway_short, layout_vaults_ring, uniq_sojobo,
          uniq_margery, uniq_xtahua
Vaults:3: nicolae_vaults_back_hallway, nicolae_vaults_house_2,
          minmay_crypt_entry_simple_sparse, nicolae_vaults_what_the_h,
          nicolae_vaults_windows_and_doors_thing, st_squares, vaults_room_grid,
          nicolae_vaults_ring_of_whatevers, vaults_room_corners,
          nicolae_vaults_variable_pillar_hall, layout_vaults_big_room,
          serial_shops, shop
Vaults:4: v_misc_3, nicolae_vaults_tetromino_T_1, ontoclasm_vaults_water_temple,
          vaults_mumra_lcd, nicolae_vaults_trapezoid_layered,
          hangedman_vaults_capsules, vaults_standard_mumra_x,
          nicolae_vaults_circle_grid_a, nicolae_vaults_offset_grid_hallway_1,
          nicolae_vaults_twisting_passages, nicolae_vaults_ring_of_whatevers,
          v_misc_28, layout_vaults_maze_snakey
Vaults:5
Crypt:1:  layout_misc_corridors
Crypt:2:  layout_regular_city, gammafunk_ghost_crypt
Crypt:3:  lightli_unholy_cathedral, layout_chaotic_city,
          nicolae_tomb_entry_unfolded_pyramid_diagonal, st_stairs_7,
          serial_sigils_hangedman_shear
Depths:1: layout_gridlike, enter_ziggurat_c, pf_hell_entry_tar_river,
          grunt_qazlal_clouds, serial_shops, nicolae_square_shop, abyss_entry,
          kennysheep_generic_room_6
Depths:2: minmay_ambush_box, layout_gridlike, serial_shops, shop, shop, shop,
          shop, pan_entry, special_room [special_room_morgue], hell_entry
Depths:3: kennysheep_blocky_hall, layout_cave_pools, abyss_entry_flame_altar,
          serial_shops, nicolae_shop_rolled_up, rand_demon_pan_entry_7,
          serial_sigils_hangedman_shear, hell_entry,
          infiniplex_staircase_pillars_2
Depths:4: grunt_zot_entry_tricorne, layout_gridlike, grunt_hell_entry_dis_old,
          hangedman_abyss_entry_splay, minmay_crystal_water
Zot:1:    layout_gridlike, grunt_ministairs_9, nzn_random_ring,
          grunt_megastairs_4
Zot:2:    layout_misc_corridors, hangedman_player_shredder, uniq_grunn
Zot:3:    ebering_greatest_show_in_zot, layout_twisted_circle
Zot:4:    layout_misc_corridors, grunt_megastairs_2, uniq_vv
Zot:5:    layout_gridlike

Skill      XL: |  1  2  3  4  5  6  7  8  9 10 11 12 13 14 15 16 17 18 19 20 21 22 23 24 25 26 27 |
---------------+----------------------------------------------------------------------------------+-----
Axes           | 3 4 5 7 9 10 11 12 14 15 16 18 23 | 23.9
Shields        | 4 7 11 13 15 17 19 21 22 23 24 25 26 | 26.9
Fighting       | 4 6 8 10 11 14 15 16 17 19 20 21 23 24 25 26 | 26.9
Armour         | 4 6 7 9 10 11 13 15 16 18 19 21 23 | 23.5
Invocations    | 4 5 9 10 14 15 17 19 20 22 24 25 27 | 27.0
Dodging        | 8 10 11 12 14 | 14.0

Action                     |  1- 3 |  4- 6 |  7- 9 | 10-12 | 13-15 | 16-18 | 19-21 | 22-24 | 25-27 || total
---------------------------+-------+-------+-------+-------+-------+-------+-------+-------+-------++-------
  Melee: War axe           |   121 |   175 |   257 |   285 |   691 |       |       |       |       ||  1529
         Hand axe          |       |       |   147 |   516 |       |       |       |       |       ||   663
         Spear             |       |       |       |    19 |    31 |     1 |       |       |       ||    51
         Broad axe         |       |       |       |       |   214 |  1241 |  1450 |  1456 |  1406 ||  5767
  Throw: Dart              |       |       |    10 |     2 |       |       |       |       |       ||    12
 Invoke: Minor Destruction |       |       |       |   177 |    96 |   120 |     5 |       |       ||   398
         Lesser Servant of |       |       |       |       |     1 |       |       |       |       ||     1
         Major Destruction |       |       |       |       |     5 |    13 |    15 |    18 |    38 ||    89
         Greater Servant o |       |       |       |       |     2 |     5 |     6 |     5 |     7 ||    25
  Evoke: Wand              |       |       |       |       |     3 |     7 |     3 |       |       ||    13
    Use: Potion            |       |       |     1 |       |     2 |       |     3 |     1 |    17 ||    24
         Scroll            |       |       |       |    11 |    10 |    11 |     5 |    15 |    11 ||    63
   Stab: Distracted        |       |       |       |       |     1 |     1 |     1 |    21 |    22 ||    46
         Petrifying        |       |       |       |       |     1 |       |       |       |       ||     1
         Invisible         |       |       |       |       |       |       |       |       |     2 ||     2
 Armour: Scale mail        |    12 |       |       |       |       |       |       |       |       ||    12
         Chain mail        |    67 |   110 |   156 |   381 |   582 |   542 |   481 |   376 |   154 ||  2849
         Gold dragon scale |       |       |       |       |       |       |       |       |   255 ||   255
  Dodge: Dodged            |    49 |    64 |   121 |   244 |   310 |   340 |   316 |   270 |   282 ||  1996
         Repelled          |       |       |       |       |       |     3 |       |       |       ||     3
  Block: Buckler           |    27 |    39 |    66 |   152 |   160 |       |       |       |       ||   444
         Kite shield       |       |       |       |       |   279 |   707 |   100 |       |       ||  1086
         Tower shield      |       |       |       |       |       |       |  1146 |  1333 |  1015 ||  3494
         Reflection        |       |       |       |       |       |       |    85 |    56 |    11 ||   152
